 Dungeon Crawl Stone Soup version 0.26-a0-638-gcca6ad1b57 (webtiles) character file.

Game seed: 9574701227228918823

1440 DogServant the Geomancer (level 8, 0/48 HPs)
             Began as a Gargoyle Earth Elementalist on Sept 14, 2020.
             Was a Plaything of Xom.
             Killed from afar by an orc wizard (10 damage)
             ... with a magic dart
             ... on level 6 of the Dungeon.
             The game lasted 00:15:13 (7261 turns).

DogServant the Geomancer (GrEE)                     Turns: 7261, Time: 00:15:14

Health: 0/48       AC:  7    Str: 11    XL:     8   Next: 74%
Magic:  7/17       EV: 12    Int: 19    God:    Xom [..*...]
Gold:   268        SH:  0    Dex: 10    Spells: 15/19 levels left

rFire    . . .     SeeInvis .   w - +6 hand axe of Greed {vorpal, +Inv rN+}
rCold    . . .     Faith    .   (no shield)
rNeg     + + .     Spirit   .   c - +0 robe
rPois    ∞         Reflect  .   (no helmet)
rElec    +         Harm     .   (no cloak)
rCorr    .         Rampage  .   (no gloves)
MR       .....                  (no boots)
Stlth    +.........             (no amulet)
HPRegen  0.16/turn              (no ring)
MPRegen  0.15/turn              (no ring)

@: confused
A: negative energy resistance 1, electricity resistance, unbreathing,
petrification resistance, rot immunity, AC +5
a: Renounce Religion, Evoke Invisibility


You were on level 6 of the Dungeon.
You worshipped Xom.
You were a toy of Xom.
You visited 1 branch of the dungeon, and saw 7 of its levels.

You collected 324 gold pieces.
You spent 56 gold pieces at shops.

Inventory:

Hand Weapons
 g - a +2 vorpal hand axe
 w - the +6 hand axe of Greed (weapon) {vorpal, +Inv rN+}
   (You found it on level 4 of the Dungeon)

   It inflicts extra damage upon your enemies.
   It protects you from negative energy.
   It lets you turn invisible.
Missiles
 b - 112 stones (quivered)
Armour
 c - a +0 robe (worn)
 x - a scarf of shadows
Jewellery
 v - an uncursed ring of fire {unknown}
Wands
 t - a wand of flame (27)
 u - a wand of random effects (19)
 z - a wand of enslavement (7)
Scrolls
 e - 5 scrolls of teleportation
 i - 10 scrolls of identify
 j - a scroll of random uselessness {unknown}
 k - 2 scrolls of enchant armour {unknown}
 l - 3 scrolls of remove curse {unknown}
 o - 2 scrolls of blinking {unknown}
 p - 2 scrolls of fog {unknown}
 s - 2 scrolls of magic mapping {unknown}
 y - a scroll of enchant weapon {unknown}
Potions
 a - a potion of might {unknown}
 d - a potion of cancellation {unknown}
 f - a potion of mutation {unknown}
 h - 2 potions of degeneration {unknown}
 m - 2 potions of resistance {unknown}
 n - 2 potions of brilliance {unknown}
 q - 3 potions of flight {unknown}
 r - a potion of heal wounds {unknown}


   Skills:
 + Level 4.6 Fighting
 - Level 1.5 Dodging
 - Level 2.1 Stealth
 + Level 6.1 Spellcasting
 + Level 3.0 Conjurations
   Level 0.7 Transmutations
 + Level 8.5 Earth Magic


You had 15 spell levels left.
You knew the following spells:

 Your Spells              Type           Power        Failure   Level
a - Sandblast             Erth           #####.       1%          1
b - Stone Arrow           Conj/Erth      ####..       3%          3

Your spell library contained the following spells:

 Spells                   Type           Power        Failure   Level
 Passwall                 Tmut/Erth      ###.....     2%          2
 Lee's Rapid Deconstruct  Erth           #####.....   10%         5
 Petrify                  Tmut/Erth      ###.....     17%         4


Dungeon Overview and Level Annotations

Branches:
Dungeon (7/15)             Temple (0/1) D:7

Altars:
Ashenzari
Elyvilon
Fedhas
Nemelex Xobeh
Xom
Yredelemnul

Shops:
D:6 *

Annotations:
D:4 Pikel


Innate Abilities, Weirdness & Mutations

You are resistant to torment.
Your stone body is resilient. (AC +5)
You are immune to poison.
You resist negative energy. (rN+)
You are resistant to electric shocks. (rElec)
You can survive without breathing.
You are immune to petrification.
You are immune to rotting.


Message History

You feel yourself speed up.
The orc wizard mumbles some strange words.
The orc wizard blinks!
The orc wizard misses you.
The orc wizard gestures at you while chanting.
You resist with some effort.
You hear some strange, mumbled words.
You are confused.
You're too confused to move!
The orc wizard closely misses you.
The orc warrior hits you from afar with a +0 trident!
* * * LOW HITPOINT WARNING * * *
The orc wizard misses you.
You bump into the rock wall.
Something hits you.
* * * LOW HITPOINT WARNING * * *
The orc wizard gestures wildly while chanting.
The orc wizard blinks!
The orc warrior closely misses you.
A magic dart appears from out of thin air!
The magic dart hits you!
You die... "What!?
That's it?"

#.....# #......##.#....#≈ #.....#
#......##........ #.....#
#......##........ #.....#
#......##........
#.....######......##........
#..........#......##........
#..........#......##........
######..........#......##........
.....'..........@.......'...>....
####.#..........#########..o.....
#.###.......{####### #........
#.# #.......ooo....###........
#.# #...........o.............
#.#####.###...............##.#
####..# #(# #...............##.#
......# #.# #########.......##.#
####..## #.# #........#.#


You could see an orc.

Vanquished Creatures
  Sigmund (D:2)
  Menkaure (D:6)
  An ice beast (D:6)
  An ogre (D:7)
  A phantom (D:4)
  2 scorpions
  A howler monkey (D:4)
  2 jellies
  A bullfrog zombie (D:5)
  2 hounds
  An orc priest (D:4)
  2 orc wizards
  A centaur skeleton (D:4)
  Jessica (D:2)
  An iguana (D:5)
  Ijyb (D:3)
  Natasha (thrice) (D:3)
  A worker ant (D:6)
  2 hound zombies
  Robin (D:2)
  A howler monkey skeleton (D:4)
  9 gnolls
  6 adders
  A shadow imp (D:5)
  A white imp (D:5)
  2 dart slugs (D:1)
  5 leopard geckos
  13 orcs
  A ball python (D:3)
  7 giant cockroaches
  8 goblins
  6 hobgoblins
  6 jackals
  3 quokkas
  6 bats
  3 frilled lizards
  A giant cockroach zombie (D:5)
  A jackal skeleton (D:4)
  5 kobolds
  8 rats
120 creatures vanquished.

Notes
Turn   | Place    | Note
-------+----------+-------------------------------------------
     0 | D:1      | DogServant the Gargoyle Earth Elementalist began the quest
                  | for the Orb.
     0 | D:1      | Reached XP level 1. HP: 10/10 MP: 3/3
   360 | D:1      | Reached XP level 2. HP: 15/15 MP: 3/5
   422 | D:1      | Reached skill level 4 in Earth Magic
  1020 | D:2      | Noticed Robin
  1246 | D:2      | Found a white marble altar of Elyvilon.
  1327 | D:2      | Reached XP level 3. HP: 12/19 MP: 4/7
  1593 | D:2      | Killed Robin
  1599 | D:2      | Reached XP level 4. HP: 22/24 MP: 4/8
  1677 | D:2      | Noticed Sigmund
  2189 | D:2      | Found a shattered altar of Ashenzari.
  2219 | D:2      | Found a basalt altar of Yredelemnul.
  2220 | D:2      | Noticed Jessica
  2225 | D:2      | Killed Jessica
  2225 | D:2      | Reached skill level 5 in Earth Magic
  2479 | D:2      | Killed Sigmund
  2479 | D:2      | Reached skill level 6 in Earth Magic
  2479 | D:2      | Reached XP level 5. HP: 28/28 MP: 2/11
  2479 | D:2      | Reached XP level 6. HP: 32/32 MP: 2/12
  3274 | D:3      | Noticed Ijyb
  3289 | D:3      | Killed Ijyb
  3373 | D:3      | Learned a level 3 spell: Stone Arrow
  3713 | D:3      | Noticed Natasha
  3725 | D:3      | Killed Natasha
  3885 | D:3      | Noticed Natasha
  3909 | D:3      | Killed Natasha
  3909 | D:3      | Reached skill level 1 in Fighting
  3961 | D:3      | Noticed Natasha
  3969 | D:3      | Killed Natasha
  3969 | D:3      | Reached XP level 7. HP: 33/38 MP: 12/14
  4274 | D:4      | Reached skill level 5 in Spellcasting
  4274 | D:4      | Reached skill level 7 in Earth Magic
  4572 | D:4      | Got a fine hand axe
  4573 | D:4      | Identified the +6 hand axe of Greed {vorpal, +Inv rN+} (You
                  | found it on level 4 of the Dungeon)
  4762 | D:4      | Noticed Pikel
  4782 | D:5      | Entered Level 5 of the Dungeon
  5329 | D:5      | Found a sparkling altar of Nemelex Xobeh.
  5364 | D:5      | Reached XP level 8. HP: 41/46 MP: 16/16
  5426 | D:5      | Reached skill level 1 in Conjurations
  5922 | D:5      | Found a shimmering altar of Xom.
  5958 | D:5      | Became a worshipper of Xom of Unknown Intention
  5980 | D:6      | XOM: noise
  5984 | D:6      | Found Deppeemi's Assorted Antiques.
  5984 | D:6      | XOM: potion effect (stabbing)
  5994 | D:6      | Reached skill level 8 in Earth Magic
  6024 | D:7      | Found a staircase to the Ecumenical Temple.
  6423 | D:6      | XOM: cloud trail
  6493 | D:6      | Bought a scroll of identify for 56 gold pieces
  6829 | D:6      | XOM: confuse monster(s)
  7075 | D:6      | Noticed Menkaure
  7081 | D:6      | Killed Menkaure
  7229 | D:6      | Found a blossoming altar of Fedhas.
  7235 | D:6      | XOM: summons friendly white imp
  7261 | D:6      | Killed from afar by an orc wizard

Illustrated notes

Levels and vault maps discovered:
D:1:      kilobyte_arrival_exit_the_forest, layout_basic, minmay_hexomino_u4
D:2:      layout_loops_corners, yredelemnul_altar_generic, lemuel_round_altar,
          elyvilon_altar_4, uniq_robin, uniq_sigmund, uniq_jessica
D:3:      layout_basic, uniq_natasha, uniq_ijyb
D:4:      layout_rooms, cheibrodos_sewer_entry_bend, minmay_box_of_dots,
          uniq_pikel
D:5:      layout_rooms, tgw_xom, nemelex_altar_shiori, minmay_misc_feat_plants
D:6:      layout_basic, fedhas_altar_2, serial_shops,
          nicolae_shop_overgrown_old_shop, kennysheep_generic_room_11,
          uniq_menkaure
D:7:      layout_cave_pools, chequers_temple_overflow_statue_of_worship,
          minmay_temple_entry_mist

Skill      XL: |  1  2  3  4  5  6  7  8 |
---------------+-------------------------+-----
Earth Magic    | 4 6 7 8 |  8.5
Spellcasting   | 3 4 5 6 |  6.1
Fighting       | 1 3 4 |  4.6
Conjurations   | 3 |  3.0
Dodging        | |  1.5
Stealth        | |  2.1
Transmutations | |  0.7

Action                   |  1- 3 |  4- 6 |  7- 9 || total
-------------------------+-------+-------+-------++-------
Melee: Unarmed           |     3 |       |       ||     3
       Hand axe          |    34 |    75 |   152 ||   261
 Cast: Sandblast         |    19 |    26 |    30 ||    75
       Stone Arrow       |       |       |     7 ||     7
  Use: Scroll            |       |       |     5 ||     5
 Stab: Sleeping          |     3 |     2 |     2 ||     7
Armor: Robe              |    13 |    43 |    69 ||   125
Dodge: Dodged            |    34 |    65 |   132 ||   231

Table legend: (Time is in decaauts)
 A = Elapsed time spent in this place.
 B = Non-inter-level travel time spent in this place.
 C = Inter-level travel time spent in this place.
 D = Time resting spent in this place.
 E = Time spent auto-exploring this place.
 F = Levels seen in this place.
 G = Mean time per level.
                   A        B        C        D        E       F      G
               +--------+--------+--------+--------+--------+-----+--------+
         Total |   7371 |   7132 |    239 |   1201 |   4554 |   7 | 1053.0 |
       Dungeon |   7371 |   7132 |    239 |   1201 |   4554 |   7 | 1053.0 |
               +--------+--------+--------+--------+--------+-----+--------+

Top non-repeatable levels by time:
     D:1: 1588 daAuts
     D:3: 1482 daAuts
     D:6: 1291 daAuts
     D:2: 1230 daAuts
     D:5: 1223 daAuts
     D:4: 550 daAuts
     D:7: 5 daAuts
